 Dungeon Crawl Stone Soup version 0.30-a0-21-g5d08c37080 (webtiles) character file.

Game seed: 15581642650982733657

75 Nedwor the Cutter (level 4, 0/34 HPs)
             Began as a Demonspawn Gladiator on Aug 24, 2022.
             Slain by a kobold
             ... wielding a +0 short sword
              (3 damage)
             ... on level 4 of the Dungeon.
             The game lasted 00:02:51 (3716 turns).

Nedwor the Cutter (Demonspawn Gladiator)            Turns: 3716, Time: 00:02:52

Health: 0/34       AC:  4    Str: 17    XL:     4   Next: 11%
Magic:  4/4        EV: 10    Int:  9    God:
Gold:   122        SH:  7    Dex: 14    Spells: 3/3 levels left

rFire   . . .      SeeInvis .    a - +0 rapier
rCold   . . .      Faith    .    p - +0 kite shield
rNeg    . . .      Spirit   .    b - +0 leather armour
rPois   .          Reflect  .    x - +0 helmet
rElec   .          Harm     .    (no cloak)
rCorr   .          Rampage  .    (no gloves)
Will    .....                    (no boots)
Stlth   +.........               (no amulet)
HPRegen 0.11/turn                (no ring)
MPRegen 0.09/turn                (no ring)

@: no status effects
A: ignite blood 1, demonic magic 1
a: no special abilities


You were on level 4 of the Dungeon.
You visited 1 branch of the dungeon, and saw 4 of its levels.

You collected 122 gold pieces.

Inventory:

Hand Weapons
 a - a +0 rapier (weapon)
Missiles
 d - 3 throwing nets (quivered)
 e - a javelin
Armour
 b - a +0 leather armour (worn)
 p - a +0 kite shield (worn)
 x - a +0 helmet (worn)
Scrolls
 f - 2 scrolls of amnesia {unknown}
 i - 6 scrolls of identify {unknown}
 k - a scroll of fog {unknown}
 n - a scroll of blinking {unknown}
 o - a scroll of enchant armour {unknown}
 q - a scroll of summoning {unknown}
 s - 2 scrolls of magic mapping {unknown}
 w - a scroll of enchant weapon {unknown}
Potions
 g - 2 potions of magic {unknown}
 h - 2 potions of curing {unknown}
 j - a potion of lignification {unknown}
 l - a potion of ambrosia {unknown}
 m - a potion of might {unknown}
 r - a potion of mutation {unknown}
 t - 2 potions of berserk rage {unknown}
 u - a potion of heal wounds {unknown}
 v - a potion of invisibility {unknown}


   Skills:
 + Level 2.5 Fighting
 * Level 3.5 Short Blades
 - Level 1.7 Throwing
 + Level 1.2 Armour
 + Level 3.1 Dodging
 + Level 0.3 Shields


You had 3 spell levels left.
You didn't know any spells.
Your spell library contained the following spells:

 Spells                   Type           Power      Damage    Failure   Level
 Airstrike                Air            0%         2d(0-16)  100%        4
 Summon Lightning Spire   Summ/Air       0%         N/A       100%        4
 Lightning Bolt           Conj/Air       0%         1d11      100%        5


Dungeon Overview and Level Annotations

Branches:
Dungeon (4/15)
 Temple: D:4-7

Altars:

Shops:
D:1 :


Innate Abilities, Weirdness & Mutations

Your demonic aura sometimes causes spilled blood to erupt in flames.
Spells you cast may paralyse adjacent enemies.


Message History

The hound bites you but does no damage.
You barely miss the hound.
The hound is heavily wounded.
You block the hound's attack. The hound bites you but does no damage.
You closely miss the hound.
The hound is heavily wounded.
You block the hound's attack. The hound bites you.
You hit the hound.
The hound is heavily wounded.
The hound bites you but does no damage. The hound completely misses you.
You hit the hound.
The hound is severely wounded.
You block the hound's attack. The hound barely misses you.
You barely miss the hound.
The hound is severely wounded.
The hound bites you.
* * * LOW HITPOINT WARNING * * *
The hound bites you.
* * * LOW HITPOINT WARNING * * *
You closely miss the hound.
The hound is severely wounded.
The kobold hits you with a +0 short sword.
* * * LOW HITPOINT WARNING * * *
The hound barely misses you. You block the kobold's attack.
You hit the hound but do no damage.
The hound is severely wounded.
The hound bites you.
* * * LOW HITPOINT WARNING * * *
The hound bites you.
* * * LOW HITPOINT WARNING * * *
You block the kobold's attack.
You hit the hound but do no damage.
The hound is severely wounded.
You block the hound's attack. The hound barely misses you.
You block the kobold's attack.
You barely miss the hound.
The hound is severely wounded.
You block the hound's attack.
The kobold hits you with a +0 short sword.
You die...

......##.#.#
...#[.##o#.# ..
#....o#.## .## #
##..K....## ..#
####.#oo.# #.#
#.#S#.####.#
.(##.#W#...##.#
##....#h###....#
......#@#####..###
.....oK..# #....#######
......#..# ##..........
......#..# ####.........
......)..###......<.....
.......)†.....##........
....###...##..##........
####...........#.#######
..#.........#..#..#


You could see a phantom, a hound, 3 orcs, a ball python and a kobold.

Vanquished Creatures
  3 adders
  A dart slug (D:2)
  2 ball pythons
  6 endoplasms
  2 giant cockroaches
  2 goblins
  7 hobgoblins
  3 jackals (D:1)
  4 kobolds
  2 quokkas
  A bat (D:2)
  5 frilled lizards
  3 rats
41 creatures vanquished.

Notes
Turn   | Place    | Note
-------+----------+-------------------------------------------
     0 | D:1      | Nedwor the Demonspawn Gladiator began the quest for the
                  | Orb.
     0 | D:1      | Reached XP level 1. HP: 16/16 MP: 1/1
    10 | D:1      | Found a faded altar of an unknown god.
   382 | D:1      | Gained mutation: Your demonic aura sometimes causes spilled
                  | blood to erupt in flames. [demonic ancestry]
   382 | D:1      | Reached XP level 2. HP: 22/22 MP: 2/2
   410 | D:1      | Found Loukill's Book Boutique.
  1422 | D:2      | Reached XP level 3. HP: 26/28 MP: 3/3
  1462 | D:2      | Reached skill level 1 in Armour
  2979 | D:3      | Gained mutation: Spells you cast may paralyse adjacent
                  | enemies. [demonic ancestry]
  2979 | D:3      | Reached XP level 4. HP: 23/34 MP: 4/4
  3675 | D:4      | Noticed a phantom
  3716 | D:4      | Slain by a kobold

Illustrated notes

Levels and vault maps discovered:
D:1:      reono_arrival_forest_river, layout_loops_cross, serial_shops, shop,
          ebering_ecumenical_altar_hall, minmay_misc_feat_alley
D:2:      layout_basic
D:3:      layout_basic
D:4:      layout_rooms

Skill      XL: |  1  2  3 |
---------------+----------+-----
Short Blades   | 3 |  3.5
Dodging        | 3 |  3.1
Armour         | 1 |  1.2
Fighting       | |  2.5
Throwing       | |  1.7
Shields        | |  0.3

Action                   |  1- 3 |  4- 6 || total
-------------------------+-------+-------++-------
Melee: Rapier            |   155 |    41 ||   196
       Punch             |     1 |       ||     1
 Stab: Sleeping          |     1 |       ||     1
Armor: Leather armour    |    53 |     8 ||    61
Dodge: Dodged            |   154 |    19 ||   173
Block: Kite shield       |    13 |    20 ||    33

Table legend: (Time is in decaauts)
 A = Elapsed time spent in this place.
 B = Non-inter-level travel time spent in this place.
 C = Inter-level travel time spent in this place.
 D = Time resting spent in this place.
 E = Time spent auto-exploring this place.
 F = Levels seen in this place.
 G = Mean time per level.
                   A        B        C        D        E       F      G
               +--------+--------+--------+--------+--------+-----+--------+
         Total |   3749 |   3613 |    136 |    330 |   2836 |   4 |  937.2 |
       Dungeon |   3749 |   3613 |    136 |    330 |   2836 |   4 |  937.2 |
               +--------+--------+--------+--------+--------+-----+--------+

Top non-repeatable levels by time:
     D:2: 1303 daAuts
     D:1: 1297 daAuts
     D:3: 960 daAuts
     D:4: 188 daAuts
